 Dungeon Crawl Stone Soup version 0.17.1-1-g73c8601 (webtiles) character file.

49 Opium the Charmwright (level 3, -3/25 HPs)
             Began as a High Elf Skald on Dec 30, 2015.
             Slain by Crazy Yiuf
             ... wielding a +2 quarterstaff of chaos
              (11 damage)
             ... on level 2 of the Dungeon.
             The game lasted 00:07:00 (1787 turns).

Opium the Charmwright (High Elf Skald)              Turns: 1787, Time: 00:07:00

Health: -3/25      AC:  4    Str: 12    XL:     3   Next: 53%
Magic:  5/8        EV: 12    Int: 16    God:
Gold:   148        SH:  0    Dex: 14    Spells: 2 memorised, 4 levels left

rFire  . . .     SeeInvis .     a - +0 falchion
rCold  . . .     Clarity  .     b - +0 leather armour
rNeg   . . .     SustAt   .     (no shield)
rPois  .         Gourm    .     q - +0 helmet
rElec  .         Spirit   .     (no cloak)
rCorr  .         Warding  .     (no gloves)
rMut   .         Stasis   .     (no boots)
MR     .....                    (no amulet)
Stlth  +.........               (no ring)
                                (no ring)

@: infused, singing, not resistant to hostile enchantments, very unstealthy
A: no striking features
a: Stop Singing


You were on level 2 of the Dungeon.
You were not hungry.

You visited 1 branch of the dungeon, and saw 2 of its levels.

You collected 148 gold pieces.

Inventory:

Hand Weapons
 a - a +0 falchion (weapon)
Armour
 b - a +0 leather armour (worn)
 q - a +0 helmet (worn)
Jewellery
 i - an uncursed ring of fire {unknown}
Scrolls
 e - a scroll of identify {unknown}
 f - a scroll of amnesia {unknown}
 g - a scroll of remove curse {unknown}
 h - a scroll of enchant weapon {unknown}
 p - a scroll of enchant armour {unknown}
Potions
 j - 2 potions of agility
 k - a potion of curing {unknown}
 m - a potion of flight {unknown}
 n - a potion of degeneration {unknown}
 r - a potion of cancellation {unknown}
Books
 c - a book of Battle

   Spells                             Type                      Level
   a - Infusion                       Charms                       1
   b - Shroud of Golubria             Charms/Translocation         2
   c - Song of Slaying                Charms                       2
   d - Spectral Weapon                Hexes/Charms                 3
   e - Regeneration                   Charms/Necromancy            3
Comestibles
 d - a bread ration
 l - 2 meat rations


   Skills:
 * Level 2.4 Fighting
 * Level 2.7 Long Blades
 * Level 1.1 Armour
 * Level 1.8 Dodging
 * Level 2.8 Spellcasting
 * Level 4.3 Charms


You had 4 spell levels left.
You knew the following spells:

 Your Spells              Type           Power        Failure   Level  Hunger
a - Infusion              Chrm           ###...       4%          1    #......
b - Song of Slaying       Chrm           ###.....     8%          2    ##.....


Dungeon Overview and Level Annotations

Branches:
Dungeon (2/15)

Altars:
Ashenzari

Annotations:
D:2 Crazy Yiuf


Message History

You start singing a song of slaying.
Crazy Yiuf hits you with a quarterstaff of chaos.
Crazy Yiuf burns you.
There is an open door here.
You hit Crazy Yiuf!
Crazy Yiuf is moderately wounded.
Crazy Yiuf hits you with a quarterstaff of chaos.
You barely miss Crazy Yiuf.
Crazy Yiuf is moderately wounded.
Crazy Yiuf hits you with a quarterstaff of chaos!
* * * LOW HITPOINT WARNING * * *
Crazy Yiuf says, "Powder bag foot!"
Press: ? - help, v - describe, . - travel
Here: Crazy Yiuf, wielding a quarterstaff of chaos and wearing a cloak (moderately wounded, unusually agile)
The floor.
Crazy Yiuf says, "Mugger!
Gum Hive ragdoll."
You hit Crazy Yiuf.
Crazy Yiuf is severely wounded.
Crazy Yiuf hits you with a quarterstaff of chaos!
You die...

###♣♣♣♣♣ ##....♣.♣♣♣
####
##......♣..♣#...#
#......♣♣♣♣.'...# ##
#..@g.♣♣ ♣♣#..)# #.
#.###♣♣ #### #. #.#
#. #.# #.
#.#################.
#...................
#############'######
#.# #.#


You could see Crazy Yiuf.

Vanquished Creatures
  A gnoll (D:1)
  An ooze (D:1)
  4 hobgoblins (D:1)
  4 jackals (D:1)
  2 bats (D:1)
  2 giant geckos
  3 giant newts (D:1)
  4 goblins (D:1)
  8 kobolds
  5 rats
34 creatures vanquished.

Notes
Turn   | Place    | Note
--------------------------------------------------------------
     0 | D:1      | Opium the High Elf Skald began the quest for the Orb.
     0 | D:1      | Reached XP level 1. HP: 14/14 MP: 4/4
   346 | D:1      | Reached skill level 4 in Charms
   356 | D:1      | Reached XP level 2. HP: 16/19 MP: 0/6
   360 | D:1      | Learned a level 2 spell: Song of Slaying
   868 | D:1      | Reached skill level 1 in Armour
   944 | D:1      | Reached XP level 3. HP: 5/25 MP: 0/8
  1600 | D:2      | Found a shattered altar of Ashenzari.
  1772 | D:2      | Noticed Crazy Yiuf
  1787 | D:2      | Slain by Crazy Yiuf

Action                   || total
-------------------------++-------
Melee: Falchion          ||   102
 Cast: Infusion          ||    16
       Song of Slaying   ||     7
  Eat: Chunk             ||     3
